 Dungeon Crawl Stone Soup version 0.30.1-3-gfc49f6343a (webtiles) character file.

Game seed: 18109653535505087671

23 Bronimir the Thaumaturge (level 2, 0/20 HPs)
             Began as a Gnoll Wanderer on July 29, 2023.
             Succumbed to an adder's poison
             ... on level 2 of the Dungeon.
             The game lasted 00:02:31 (1209 turns).

Bronimir the Thaumaturge (Gnoll Wanderer)           Turns: 1209, Time: 00:02:31

Health: 0/20       AC: 10    Str: 12    XL:     2   Next: 95%
Magic:  12/12      EV:  9    Int: 13    God:
Gold:   50         SH:  0    Dex:  8    Spells: 18/19 levels left

rFire   . . .        a - +0 club
rCold   . . .        (no shield)
rNeg    . . .        d - +2 scale mail
rPois   .            (no helmet)
rElec   .            (no cloak)
rCorr   .            (no gloves)
SInv    .            (no boots)
Will    .....        (no amulet) Stlth
                     (no ring)
HPRegen 0.23/turn    (no ring)
MPRegen 0.13/turn

%: no passive effects
@: lethally poisoned (0 -> -3)
A: fangs 1, strong nose, distributed training
a: no special abilities


You were on level 2 of the Dungeon.
You visited 1 branch of the dungeon, and saw 2 of its levels.

You collected 50 gold pieces.

Inventory:

Hand Weapons
 a - a +0 club (weapon)
Missiles
 h - 16 stones (quivered)
Armour
 d - a +2 scale mail (worn)
Jewellery
 g - a +6 ring of strength
Scrolls
 b - a scroll of fog
 e - a scroll of vulnerability {unknown}
 f - a scroll of enchant armour {unknown}
 i - a scroll of fear {unknown}


   Skills:
 + Level 0.5 Fighting
 + Level 0.5 Short Blades
 + Level 0.5 Long Blades
 + Level 0.5 Axes
 + Level 0.5 Maces & Flails
 + Level 0.5 Polearms
 + Level 0.5 Staves
 + Level 0.5 Ranged Weapons
 + Level 0.5 Throwing
 + Level 8.5 Armour
 + Level 2.5 Dodging
 + Level 2.3 Stealth
 + Level 0.5 Shields
 + Level 0.5 Unarmed Combat
 + Level 9.3 Spellcasting
 + Level 0.4 Conjurations
 + Level 0.4 Hexes
 + Level 0.4 Summonings
 + Level 0.4 Necromancy
 + Level 0.4 Translocations
 + Level 0.4 Transmutations
 + Level 0.4 Fire Magic
 + Level 0.4 Ice Magic
 + Level 0.4 Air Magic
 + Level 0.4 Earth Magic
 + Level 0.4 Poison Magic
 + Level 0.7 Invocations
 + Level 0.5 Evocations


You had 18 spell levels left.
You knew the following spells:

 Your Spells              Type           Power      Damage    Failure   Level
a - Magic Dart            Conj           28%        1d4       38%         1

Your spell library contained the following spells:

 Spells                   Type           Power      Damage    Failure   Level
 Call Imp                 Summ           14%        N/A       54%         2
 Cigotuvi's Dreadful Rot  Necr/Pois/Air  14%        N/A       54%         2
 Sublimation of Blood     Necr           7%         N/A       54%         2
 Mephitic Cloud           Conj/Pois/Air  7%         N/A       77%         3


Dungeon Overview and Level Annotations

Branches:
Dungeon (2/15)

Altars:


Innate Abilities, Weirdness & Mutations

You have very sharp teeth.
Your uncanny sense of smell can sniff out nearby items.
Your experience applies equally to all skills.


Message History

The adder is heavily wounded.
You feel sick. The adder barely misses you.
You completely miss the adder. Your bite misses the adder.
The adder is heavily wounded.
You feel sick. The quokka bites you. The adder bites you but does no damage.
The quokka bites you but does no damage.
The adder bites you but does no damage. The adder attacks as you move away!
The adder closely misses you.
You feel sick.
The quokka bites you but does no damage.
You feel sick. The quokka closely misses you.
The quokka attacks as you move away! The quokka bites you.
* * * LOW HITPOINT WARNING * * *
The adder attacks as you move away! The adder bites you but does no damage.
* * * LOW HITPOINT WARNING * * *
You feel sick.
* * * LOW HITPOINT WARNING * * *
You feel sick.
You are no longer poisoned.
The adder bites you but does no damage.
The quokka bites you but does no damage.
The quokka attacks as you move away!
The quokka bites you but does no damage.
The adder attacks as you move away! The adder bites you but does no damage.
You aren't carrying any potions.
You aren't carrying any potions.
Blink to where?
Press: ? - help, Dir - move target
As you read the scroll of blinking, it crumbles to dust.
You aren't carrying any potions.
The adder attacks as you move away! The adder bites you but does no damage.
You closely miss the adder.
The adder is moderately wounded.
The adder bites you but does no damage. The adder bites you.
* * * LOW HITPOINT WARNING * * *
You are lethally poisoned!
The adder poisons you!
You hit the adder. Your bite misses the adder.
The adder is severely wounded.
You die...

...... .....
.... ... .. ..
∆... .###+##...
#+# #.?.......
#@# #K........
#S# #........?
#r# #B........
#S# #.........
#B####.S.......
#...§r#####..)#
#####.# ....
#..#.# ...
#....# .


You could see an adder, a quokka, a giant cockroach and a ball python.

Vanquished Creatures
  A ball python (D:1)
  4 endoplasms (D:1)
  2 giant cockroaches (D:1)
  2 goblins (D:1)
  2 hobgoblins (D:1)
  2 kobolds (D:1)
  3 bats (D:1)
  A frilled lizard (D:1)
  3 rats (D:1)
20 creatures vanquished.

Notes
Turn   | Place    | Note
-------+----------+-------------------------------------------
     0 | D:1      | Reached skill level 9 in Spellcasting
     0 | D:1      | Bronimir the Gnoll Wanderer began the quest for the Orb.
     0 | D:1      | Bronimir set off with the following items: a +0 club, a
                  | scroll of fog, a scroll of blinking, a +2 scale mail; and
                  | the following spells available to memorise: Cigotuvi's
                  | Dreadful Rot, Sublimation of Blood.
     0 | D:1      | Reached XP level 1. HP: 13/13 MP: 10/10
   276 | D:1      | Reached XP level 2. HP: 5/19 MP: 12/12
   374 | D:1      | Learned a level 1 spell: Magic Dart
  1200 | D:2      | HP: 1/20 [poisoned by an adder]
  1209 | D:2      | Succumbed to an adder's poison

Illustrated notes

Levels and vault maps discovered:
D:1:      dpeg_arrival_shelter, layout_loops_corners, nrook_mini_vaults
D:2:      minmay_chambers_of_ones, layout_basic, basic_altar

Skill      XL: | |
---------------+-+-----
Spellcasting   | |  9.3
Fighting       | |  0.5
Short Blades   | |  0.5
Long Blades    | |  0.5
Axes           | |  0.5
Maces & Flails | |  0.5
Polearms       | |  0.5
Staves         | |  0.5
Ranged Weapons | |  0.5
Throwing       | |  0.5
Armour         | |  8.5
Dodging        | |  2.5
Stealth        | |  2.3
Shields        | |  0.5
Unarmed Combat | |  0.5
Conjurations   | |  0.4
Hexes          | |  0.4
Summonings     | |  0.4
Necromancy     | |  0.4
Translocations | |  0.4
Transmutations | |  0.4
Fire Magic     | |  0.4
Ice Magic      | |  0.4
Air Magic      | |  0.4
Earth Magic    | |  0.4
Poison Magic   | |  0.4
Invocations    | |  0.7
Evocations     | |  0.5

Action                     || total
---------------------------++-------
  Melee: Club              ||   135
         Bite              ||     8
         Punch             ||     1
    Use: Scroll            ||     1
 Armour: Scale mail        ||    93
  Dodge: Dodged            ||    71
